 Dungeon Crawl Stone Soup version 0.29.0-4-gdea44cf6ec (webtiles) character file.

Game seed: 5466016937014269594

60 qw the Caller (level 4, 0/36 HPs)
             Began as a Ghoul Summoner on Sept 10, 2022.
             Slain by Natasha (1 damage)
             ... on level 3 of the Dungeon.
             The game lasted 00:00:51 (2512 turns).

qw the Caller (Ghoul Summoner)                      Turns: 2512, Time: 00:00:52

Health: 0/36       AC: 10    Str: 13    XL:     4   Next: 4%
Magic:  5/5        EV:  3    Int: 10    God:
Gold:   173        SH:  0    Dex:  9    Spells: 5/6 levels left

rFire   . . .      SeeInvis .   Y - +0 hand axe
rCold   + . .      Faith    .   (no shield)
rNeg    + + +      Spirit   .   d - +0 plate armour
rPois   inf        Reflect  .   (no helmet)
rElec   .          Harm     .   (no cloak)
rCorr   .          Rampage  .   (no gloves)
Will    .....                   (no boots)
Stlth   ..........              (no amulet)
HPRegen 0.00/turn               (no ring)
MPRegen 0.09/turn               (no ring)

@: about to teleport, inhibited regen, slowed, very slow
A: claws 1, cold resistance 1, negative energy resistance 3, inhibited
regeneration, torment resistance 2, devour on kill
a: no special abilities


You were on level 3 of the Dungeon.
You visited 1 branch of the dungeon, and saw 3 of its levels.

You collected 173 gold pieces.


Innate Abilities, Weirdness & Mutations

You are immune to poison.
You have sharp fingernails.
Your flesh is cold resistant. (rC+)
You are immune to negative energy. (rN+++)
You do not regenerate when monsters are visible.
You are immune to unholy pain and torment.
You thrive by killing the living.


   Skills:
 - Level 2.0 Fighting
 - Level 2.3 Axes
 + Level 0.6 Armour
 - Level 1.7 Dodging
 - Level 2.1 Stealth
 - Level 1.7 Spellcasting
 - Level 3.6 Summonings


You had 5 spell levels left.
You knew the following spells:

 Your Spells              Type           Power      Damage    Failure   Level
a - Summon Small Mammal   Summ           32%        N/A       100%        1

Your spell library contained the following spells:

 Spells                   Type           Power      Damage    Failure   Level
 Call Imp                 Summ           8%         N/A       100%        2
 Call Canine Familiar     Summ           8%         N/A       100%        3
 Summon Guardian Golem    Hex/Summ       4%         N/A       100%        3
 Summon Lightning Spire   Summ/Air       4%         N/A       100%        4

Inventory:

Hand Weapons
 i - a +0 club
 Y - a +0 hand axe (weapon)
Armour
 d - a +0 plate armour (worn)
Scrolls
 b - 2 scrolls of identify
 e - a scroll of poison {unknown}
Potions
 c - a potion of curing
 f - a potion of brilliance {unknown}
 j - a potion of might {unknown}

Dungeon Overview and Level Annotations

Branches:
Dungeon (3/15)

Altars:
Dithmenos

Annotations:
D:3 Natasha


Message History

You hit the crimson imp but do no damage.
The crimson imp is severely wounded.
You barely miss Natasha.
The crimson imp disappears in a puff of smoke!
Natasha casts a spell at you.
The magic dart hits you but does no damage.
Natasha barely misses you.
You miss Natasha.
Natasha is heavily wounded.
Natasha claws you. Natasha claws you but does no damage.
You barely miss Natasha.
Natasha is heavily wounded.
Natasha casts a spell at you.
You feel as though you will be slow longer.
Natasha claws you.
You barely miss Natasha.
Natasha is heavily wounded.
Natasha claws you.
You miss Natasha.
Natasha is moderately wounded.
Natasha stares at you and mumbles some strange words.
The magic dart hits you. Natasha claws you but does no damage.
You hit Natasha but do no damage.
Natasha is moderately wounded.
You hear the rusting of a drain nearby.
Natasha mumbles some strange words.
Natasha claws you!
You barely miss Natasha.
Natasha is moderately wounded.
You barely miss the iron imp. Natasha claws you. The iron imp hits you.
Natasha claws you.
2511 ||| READING scroll of teleportation.
As you read the scroll of teleportation, it crumbles to dust.
You feel strangely unstable. The iron imp hits you. Natasha barely misses you.
You closely miss Natasha.
Natasha is moderately wounded.
You barely miss the iron imp. Natasha claws you.
You die...

#.##### ....
#.#...# ....#
#('.<.# #..>.#
###_..####....#
+.......##....###
#######.# ##....#
#.# #...#.#
#.###.....#
#.#.'@....#
#.#.#5h...#
#...####### #####


You could see an iron imp (summoned) and Natasha.

Vanquished Creatures
  2 adders (D:2)
  3 worms
  A dart slug (D:1)
  3 ball pythons
  2 endoplasms
  A giant cockroach (D:1)
  2 goblins (D:1)
  4 hobgoblins
  2 quokkas
  A frilled lizard (D:2)
  4 kobolds
  2 rats
27 creatures vanquished.

Vanquished Creatures (collateral kills)
  A goblin (D:1)
  2 hobgoblins (D:1)
3 creatures vanquished.

Grand Total: 30 creatures vanquished

Notes
Turn   | Place    | Note
-------+----------+-------------------------------------------
     0 | D:1      | qw the Ghoul Summoner began the quest for the Orb.
     0 | D:1      | Reached XP level 1. HP: 14/14 MP: 2/2
     0 | D:1      | 0 ||| qw: Version: 0.1-a-116-g5d60599
     0 | D:1      | 0 ||| qw: Game counter: 7433
     0 | D:1      | 0 ||| qw: Always use a shield: true
     0 | D:1      | 0 ||| qw: God list: Okawaru
     0 | D:1      | 0 ||| qw: Allow faded altars: false
     0 | D:1      | 0 ||| qw: Do Orc after D:15 true
     0 | D:1      | 0 ||| qw: Do second Lair branch before Depths: true
     0 | D:1      | 0 ||| qw: Lair rune preference: random
     0 | D:1      | 0 ||| qw: Plans: Normal
     0 | D:1      | 0 ||| PLANNING D:1-11
    39 | D:1      | 39 ||| Wielding weapon +0 hand axe.
    55 | D:1      | 55 ||| CASTING Summon Small Mammal
    56 | D:1      | 56 ||| CASTING Summon Small Mammal
   118 | D:1      | 118 ||| CASTING Summon Small Mammal
   119 | D:1      | 119 ||| CASTING Summon Small Mammal
   158 | D:1      | 158 ||| CASTING Summon Small Mammal
   159 | D:1      | 159 ||| CASTING Summon Small Mammal
   165 | D:1      | Reached skill level 1 in Axes
   285 | D:1      | 285 ||| CASTING Summon Small Mammal
   286 | D:1      | 286 ||| CASTING Summon Small Mammal
   315 | D:1      | 315 ||| CASTING Summon Small Mammal
   316 | D:1      | 316 ||| CASTING Summon Small Mammal
   326 | D:1      | Reached XP level 2. HP: 22/22 MP: 0/3
   456 | D:1      | 456 ||| CASTING Summon Small Mammal
   457 | D:1      | 457 ||| CASTING Summon Small Mammal
   458 | D:1      | 458 ||| CASTING Summon Small Mammal
   465 | D:1      | Reached skill level 1 in Fighting
   498 | D:1      | 498 ||| CASTING Summon Small Mammal
   499 | D:1      | 499 ||| CASTING Summon Small Mammal
   500 | D:1      | 500 ||| CASTING Summon Small Mammal
   540 | D:1      | 540 ||| CASTING Summon Small Mammal
   541 | D:1      | 541 ||| CASTING Summon Small Mammal
   542 | D:1      | 542 ||| CASTING Summon Small Mammal
   792 | D:1      | 792 ||| CASTING Summon Small Mammal
   889 | D:1      | 889 ||| CASTING Summon Small Mammal
   890 | D:1      | 890 ||| CASTING Summon Small Mammal
   891 | D:1      | 891 ||| CASTING Summon Small Mammal
   945 | D:1      | 945 ||| UPGRADING to +0 chain mail.
   955 | D:1      | 955 ||| DROPPING +0 robe.
   956 | D:1      | 956 ||| DROPPING ring of wizardry.
   957 | D:1      | 957 ||| READING scroll labelled OMUVUJACHE.
   958 | D:1      | 958 ||| READING scroll labelled ANEUFIOMMA.
   961 | D:1      | 961 ||| READING scroll labelled SUGORRIOTICI.
   962 | D:1      | 962 ||| DRINKING 2 blue potions.
   963 | D:1      | 963 ||| DROPPING potion of magic.
   964 | D:1      | 964 ||| DROPPING potion of lignification.
  1003 | D:2      | Reached XP level 3. HP: 14/28 MP: 4/4
  1189 | D:2      | Found a shadowy altar of Dithmenos.
  1341 | D:2      | 1341 ||| Stepping ~*~*~tactically~*~*~ (stealth).
  1379 | D:2      | 1379 ||| Stepping ~*~*~tactically~*~*~ (stealth).
  1380 | D:2      | 1380 ||| Stepping ~*~*~tactically~*~*~ (stealth).
  1381 | D:2      | 1381 ||| Stepping ~*~*~tactically~*~*~ (stealth).
  1402 | D:2      | 1402 ||| Stepping ~*~*~tactically~*~*~ (stealth).
  1921 | D:2      | 1921 ||| Stepping ~*~*~tactically~*~*~ (stealth).
  2148 | D:2      | 2148 ||| UPGRADING to +0 plate armour.
  2158 | D:2      | 2158 ||| DROPPING +0 chain mail.
  2159 | D:2      | 2159 ||| READING scroll labelled UNOTHE NIOLUW.
  2160 | D:2      | 2160 ||| READING scroll labelled GYGAGU VEOQONK.
  2261 | D:2      | 2261 ||| READING scroll labelled OGIMAWKOIDE.
  2262 | D:2      | 2262 ||| DRINKING 2 murky black potions.
  2274 | D:3      | 2274 ||| PLANNING SEWER
  2398 | D:3      | Reached XP level 4. HP: 29/36 MP: 5/5
  2474 | D:3      | Found a faded altar of an unknown god.
  2492 | D:3      | Noticed Natasha
  2510 | D:3      | HP: 9/36 [Natasha (4)]
  2510 | D:3      | HP: 3/36 [Natasha (2)]
  2511 | D:3      | 2511 ||| READING scroll of teleportation.
  2511 | D:3      | HP: 1/36 [iron imp[Natasha] (2)]
  2512 | D:3      | Slain by Natasha

Levels and vault maps discovered:
D:1:      psy_arrival_spokes, layout_basic
D:2:      layout_basic, basic_altar
D:3:      layout_basic, portal_sewer_entry_d, basic_ecumenical_altar,
          st_stairs_5, uniq_natasha, uniq_sigmund

Skill      XL: |  1  2  3 |
---------------+----------+-----
Axes           | 1 2 |  2.3
Fighting       | 1 2 |  2.0
Armour         | |  0.6
Dodging        | |  1.7
Stealth        | |  2.1
Spellcasting   | |  1.7
Summonings     | |  3.6

Action                   |  1- 3 |  4- 6 || total
-------------------------+-------+-------++-------
Melee: Hand axe          |   116 |    17 ||   133
       Punch             |     3 |       ||     3
Throw: Boomerang         |     2 |       ||     2
 Cast: Summon Small Mamm |    22 |       ||    22
  Use: Scroll            |     6 |     1 ||     7
       Potion            |     2 |       ||     2
Armor: Chain mail        |    46 |       ||    46
       Robe              |     2 |       ||     2
       Plate armour      |     8 |    14 ||    22
Dodge: Dodged            |    30 |     4 ||    34

Table legend:
 A = Non-vault XP
 B = Vault XP
 C = Vault XP percentage of total XP
 D = Non-vault monster count
 E = Vault monster count
 F = Vault count percentage of total count
                 A         B        C        D         E       F
            +---------+---------+-------+---------+---------+-------
      Total |      86 |       0 |   0.0 |      30 |       0 |   0.0
            +---------+---------+-------+---------+---------+-------
        D:1 |      24 |       0 |   0.0 |      11 |       0 |   0.0
        D:2 |      50 |       0 |   0.0 |      14 |       0 |   0.0
        D:3 |      12 |       0 |   0.0 |       5 |       0 |   0.0
            +---------+---------+-------+---------+---------+-------
